 Dungeon Crawl Stone Soup version 0.29-a0-82-g837932c90e (webtiles) character file.

Game seed: 8144794396512623267

28 lordive the Grasshopper (level 2, -1/28 HPs)
             Began as a Troll Warper on Feb 4, 2022.
             Slain by an iguana (5 damage)
             ... on level 4 of the Dungeon.
             The game lasted 00:00:57 (361 turns).

lordive the Grasshopper (Troll Warper)               Turns: 361, Time: 00:00:57

Health: -1/28      AC:  4    Str: 18    XL:     2   Next: 96%
Magic:  3/3        EV: 10    Int:  9    God:
Gold:   25         SH:  0    Dex:  9    Spells: 1/3 levels left

rFire   . . .      SeeInvis .     - Unarmed
rCold   . . .      Faith    .   (no shield)
rNeg    . . .      Spirit   .   a - +0 robe
rPois   .          Reflect  .   (helmet restricted)
rElec   .          Harm     .   (no cloak)
rCorr   .          Rampage  .   (gloves unavailable)
Will    .....                   (boots unavailable)
Stlth   +.........              (no amulet)
HPRegen 0.89/turn               (no ring)
MPRegen 0.08/turn               (no ring)

@: no status effects
A: large, unfitting armour, claws 3, regeneration 1, shaggy fur 1, tough skin 1
a: no special abilities


You were on level 4 of the Dungeon.
You visited 1 branch of the dungeon, and saw 4 of its levels.

You collected 25 gold pieces.

Inventory:

Missiles
 c - 5 boomerangs of dispersal (quivered)
Armour
 a - a +0 robe (worn)
Wands
 g - a wand of acid (11)
Scrolls
 b - a scroll of blinking
 d - a scroll of teleportation {unknown}
 e - a scroll of noise {unknown}
 f - a scroll of holy word {unknown}
 h - a scroll of magic mapping {unknown}


   Skills:
 + Level 1.6 Fighting
 - Level 0.8 Throwing
 + Level 2.1 Dodging
 + Level 2.1 Unarmed Combat
 + Level 1.3 Spellcasting
 * Level 2.7 Translocations


You had one spell level left.
You knew the following spells:

 Your Spells              Type           Power      Damage    Failure   Level
a - Blink                 Tloc           10%        N/A       17%         2

Your spell library contained the following spells:

 Spells                   Type           Power      Damage    Failure   Level
 Gell's Gravitas          Tloc           5%         N/A       34%         3
 Lesser Beckoning         Tloc           5%         N/A       34%         3
 Teleport Other           Tloc           5%         N/A       34%         3
 Manifold Assault         Tloc           5%         N/A       97%         5


Dungeon Overview and Level Annotations

Branches:
Dungeon (4/15)
 Temple: D:4-7

Altars:


Innate Abilities, Weirdness & Mutations

You are too large for most types of armour.
You have claws for hands.
Your natural rate of healing is unusually fast.
You are covered in fur. (AC +1)
You have tough skin. (AC +1)


Message History

The iguana is moderately wounded.
The iguana misses you.
You scratch the iguana but do no damage.
The iguana is moderately wounded.
You scratch the iguana.
The iguana is heavily wounded.
The iguana bites you!
You scratch the iguana but do no damage.
The iguana is heavily wounded.
The iguana barely misses you.
You barely miss the iguana. Your claw misses the iguana.
The iguana is heavily wounded.
The iguana bites you.
You closely miss the iguana.
The iguana is heavily wounded.
The iguana bites you!
You are too injured to fight recklessly!
You are too injured to fight recklessly!
You are too injured to fight recklessly!
Unknown command.
You barely miss the iguana.
The iguana is heavily wounded.
The iguana misses you.
You scratch the iguana but do no damage.
The iguana is moderately wounded.
The iguana barely misses you.
You barely miss the iguana.
The iguana is moderately wounded.
The iguana misses you.
You scratch the iguana.
The iguana is heavily wounded.
The iguana bites you!
* * * LOW HITPOINT WARNING * * *
You completely miss the iguana.
The iguana is heavily wounded.
The iguana barely misses you.
You closely miss the iguana.
The iguana is moderately wounded.
The iguana bites you.
You die...

.##. ## ...
######.####.#
............##
.............
..........#
#......<..#
#.#.....#.#
#..#.##@# ....
## #l# #.. #.#
#. #.# # #.#
..# ###


You could see an iguana.

Vanquished Creatures
  3 worms (D:2)
  3 bats
  2 endoplasms (D:1)
  A giant cockroach (D:1)
  A goblin (D:1)
  2 hobgoblins (D:1)
  A quokka (D:1)
  3 ball pythons (D:1)
  A frilled lizard (D:1)
  A rat (D:2)
18 creatures vanquished.

Notes
Turn   | Place    | Note
-------+----------+-------------------------------------------
     0 | D:1      | lordive the Troll Warper began the quest for the Orb.
     0 | D:1      | Reached XP level 1. HP: 19/19 MP: 1/1
   130 | D:1      | Reached XP level 2. HP: 27/27 MP: 2/2
   347 | D:4      | Learned a level 2 spell: Blink
   361 | D:4      | Slain by an iguana

Illustrated notes

Levels and vault maps discovered:
D:1:      co_arrival_square_in_a_square_in_a_square, layout_basic, serial_shops,
          nicolae_shop_advertising_works [nicolae_subvault_shop_adworks],
          minmay_rat_gold_closets
D:2:      layout_basic, shapermc_ecumenical_altar_hornbeckon
D:3:      layout_loops_ring, ebering_ghost_reflecting_pool, uniq_natasha,
          uniq_ijyb, uniq_crazy_yiuf_cottage
D:4:      layout_basic

Skill      XL: |  1 |
---------------+----+-----
Dodging        | 2 |  2.1
Fighting       | |  1.6
Throwing       | |  0.8
Unarmed Combat | |  2.1
Spellcasting   | |  1.3
Translocations | |  2.7

Action                   || total
-------------------------++-------
Melee: Unarmed           ||    54
       Punch             ||     1
Armor: Robe              ||    12
Dodge: Dodged            ||    22

Table legend: (Time is in decaauts)
 A = Elapsed time spent in this place.
 B = Non-inter-level travel time spent in this place.
 C = Inter-level travel time spent in this place.
 D = Time resting spent in this place.
 E = Time spent auto-exploring this place.
 F = Levels seen in this place.
 G = Mean time per level.
                   A        B        C        D        E       F      G
               +--------+--------+--------+--------+--------+-----+--------+
         Total |    358 |    339 |     19 |      0 |    231 |   4 |   89.5 |
       Dungeon |    358 |    339 |     19 |      0 |    231 |   4 |   89.5 |
               +--------+--------+--------+--------+--------+-----+--------+

Top non-repeatable levels by time:
     D:1: 259 daAuts
     D:2: 63 daAuts
     D:3: 18 daAuts
     D:4: 17 daAuts
